 Dungeon Crawl Stone Soup version 0.30-a0-851-gbd0d260d8e (webtiles) character file.

Game seed: 13228441528534065361

64897 sefie the Black Sun (level 14, -9/86 HPs)
             Began as a Deep Elf Hedge Wizard on Feb 26, 2023.
             Was a High Priest of Kikubaaqudgha.
             Killed from afar by a thorn hunter (46 damage)
             ... with a volley of thorns
             ... on level 1 of the Swamp on Mar 4, 2023.
             The game lasted 04:27:22 (22813 turns).

sefie the Black Sun (Deep Elf Hedge Wizard)        Turns: 22813, Time: 04:27:22

Health: -9/86      AC: 12    Str:  7    XL:     14   Next: 73%
Magic:  23/41      EV: 15    Int: 25    God:    Kikubaaqudgha [*****.]
Gold:   884        SH:  5    Dex: 14    Spells: 8/37 levels left

rFire   . . .      SeeInvis .    M - staff of death
rCold   . . .      Faith    .    (no shield)
rNeg    + . .      Spirit   .    R - +0 troll leather armour
rPois   +          Reflect  +    t - +1 helmet
rElec   .          Rampage  .    (no cloak)
rCorr   .                        A - +2 pair of gloves
Will    +....                    r - +1 pair of boots
Stlth   ++++                     H - amulet of reflection
HPRegen 1.14/turn                V - ring of magical power
MPRegen 0.27/turn                e - ring of poison resistance

@: animating dead
A: no striking features
a: Renounce Religion, Unearth Wretches, Torment


You were on level 1 of the Swamp.
You worshipped Kikubaaqudgha.
Kikubaaqudgha was extremely pleased with you.
You visited 5 branches of the dungeon, and saw 20 of its levels.
You also visited: Ossuary.

You collected 2207 gold pieces.
You spent 1323 gold pieces at shops.

Inventory:

Hand Weapons
 b - a +2 demon trident of venom
 K - a +2 whip of pain
 N - a +2 rapier of venom
Armour
 r - a +1 pair of boots (worn)
 t - a +1 helmet (worn)
 A - a +2 pair of gloves (worn)
 L - a +1 robe of the Archmagi
 O - a +0 buckler
 Q - a +0 robe of resistance
 R - a +0 troll leather armour (worn)
Magical Staves
 M - a staff of death (weapon)
Jewellery
 a - a ring of wizardry
 e - a ring of poison resistance (right hand)
 n - a ring of resist corrosion
 v - a +6 ring of dexterity
 z - a ring of see invisible
 H - an amulet of reflection (around neck)
 T - a ring of ice
 U - a +4 ring of slaying
 V - a ring of magical power (left hand)
Wands
 E - a wand of charming (25)
 J - a wand of iceblast (22)
 P - a wand of light (6)
 Y - a wand of digging (14)
Scrolls
 f - 2 scrolls of fear
 k - 2 scrolls of silence
 m - 3 scrolls of enchant weapon
 o - 12 scrolls of teleportation
 p - 3 scrolls of immolation
 u - 3 scrolls of fog
 x - 8 scrolls of magic mapping
 y - a scroll of brand weapon
 C - a scroll of blinking
 G - 2 scrolls of torment
 I - 4 scrolls of vulnerability
 W - a scroll of enchant armour
 X - 2 scrolls of poison
 Z - a scroll of summoning
Potions
 c - 4 potions of heal wounds
 d - 5 potions of magic
 g - a potion of haste
 h - 2 potions of ambrosia
 i - 5 potions of might
 j - a potion of attraction
 l - 9 potions of curing
 q - a potion of invisibility
 s - 3 potions of brilliance
 w - 3 potions of resistance
 B - 2 potions of cancellation
 D - 4 potions of flight
 F - 4 potions of lignification


   Skills:
 + Level 9.0 Fighting
 - Level 4.0 Armour
 - Level 10.0 Dodging
 - Level 9.0 Stealth
 - Level 12.0 Spellcasting
 - Level 4.3 Conjurations
 - Level 1.1 Summonings
 + Level 21.8 Necromancy
 - Level 1.1 Translocations
 - Level 3.0 Ice Magic
 - Level 2.0 Earth Magic


You had 8 spell levels left.
You knew the following spells:

 Your Spells              Type           Power      Damage    Failure   Level
a - Animate Dead          Necr           100%       N/A       0%          4
b - Necrotise             Necr           100%       1d9       0%          1
c - Vampiric Draining     Necr           100%       2d13      0%          3
d - Borgnjor's Vile Clut  Necr/Erth      42%        N/A       1%          5
e - Slow                  Hex            60%        N/A       6%          1
g - Call Imp              Summ           20%        N/A       5%          2
h - Magic Dart            Conj           100%       1d8       1%          1
i - Cigotuvi's Dreadful   Necr/Pois/Air  100%       N/A       1%          2
j - Sublimation of Blood  Necr           100%       N/A       0%          2
k - Blink                 Tloc           40%        N/A       5%          2
l - Simulacrum            Ice/Necr       43%        N/A       5%          6

Your spell library contained the following spells:

 Spells                   Type           Power      Damage    Failure   Level
 Dispel Undead            Necr           100%       3d31      0%          4
 Agony                    Necr           100%       N/A       1%          5
 Ensorcelled Hibernation  Hex/Ice        44%        N/A       4%          2
 Frozen Ramparts          Ice            60%        1d10      4%          3
 Borgnjor's Revivificati  Necr           56%        N/A       4%          8
 Infestation              Necr           56%        N/A       4%          8
 Passwall                 Tmut/Erth      16%        N/A       6%          2
 Poisonous Vapours        Pois/Air       30%        N/A       9%          2
 Mephitic Cloud           Conj/Pois/Air  22%        N/A       10%         3
 Kindle Blastsparks       Fire/Tloc/Air  32%        2d12      16%         3
 Ignite Poison            Fire/Tmut/Pois 15%        N/A       17%         3
 Swiftness                Air            15%        N/A       17%         3
 Summon Ice Beast         Ice/Summ       25%        N/A       26%         4
 Ice Form                 Ice/Tmut       22%        N/A       30%         4
 Haunt                    Necr/Summ      41%        N/A       41%         7
 Freezing Cloud           Conj/Ice/Air   13%        6-21      52%         5
 Necromutation            Tmut/Necr      40%        N/A       99%         8
 Death's Door             Necr           56%        N/A       58%         9


Dungeon Overview and Level Annotations

Branches:
Dungeon (11/15)            Temple (1/1) D:4            Lair (5/5) D:9
  Swamp (1/4) Lair:2       Spider (0/4) Lair:3        Slime (0/5) Lair:4
    Orc (2/2) D:9             Elf (0/3) Orc:2       Ossuary (visited)

Altars:
Ashenzari
Cheibriados
Dithmenos
Elyvilon
Fedhas
Gozag
Hepliaklqana
Kikubaaqudgha
Makhleb
Nemelex Xobeh
Okawaru
Qazlal
Ru
Sif Muna
Trog
Uskayaw
Vehumet
Wu Jian
Xom
Yredelemnul
Zin
The Shining One
Jiyva

Shops:
D:6 *   D:7 !*!=[   D:11 ?   Orc:2 *?[?

Annotations:
D:4 2 transporters
D:7 3 runed translucent doors, lurtze1's ghost, novice TrFi
D:10 exclusion: ice statue


Message History

The eleionoma shouts!
Kikubaaqudgha calls piteous wretches from the earth!
A spriggan rider comes into view.
The zombie hands constrict the goliath frog.
The goliath frog hits your alligator zombie.
Your alligator zombie is splashed with acid!
The acid corrodes your alligator zombie!
The goliath frog struggles to escape constriction.
Your fenstrider witch zombie hits the thorn hunter but does no damage.
Your fenstrider witch zombie kicks the thorn hunter.
Your tyrant leech zombie bites the goliath frog!
The goliath frog hits your alligator zombie!
Your alligator zombie is splashed with acid!
Your alligator zombie seems to be corroded for longer.
Your alligator zombie bites the goliath frog.
Your alligator zombie tail-slaps the goliath frog.
Casting: Borgnjor's Vile Clutch (dangerous; 1% risk of failure)
Confirm with . or Enter, or press ? or * to list all spells.
Aiming: Borgnjor's Vile Clutch (dangerous; 1% risk of failure)
Press: ? - help, Shift-Dir - straight line, f - goliath frog
Aim: a goliath frog (almost dead, not watching you, ally target, 100% to hit)
Okay, then.
Unknown command.
Unknown command.
Unknown command.
Aiming: Bolt of Light
Press: ? - help, Shift-Dir - straight line The bolt of light hits the eleionoma!
You kill the eleionoma!
That felt strangely unrewarding.
The bolt of light misses the tyrant leech.
The dead are walking!
The zombie hands constrict the goliath frog!!
You kill the goliath frog!
Kikubaaqudgha accepts your kill.
The thorn hunter fires a volley of thorns at you.
The volley of thorns hits you!!!
Ouch! That really hurt!
You die...
Kikubaaqudgha rasps: "You have failed me!
Welcome... death!"

♣♣♣♣♣♣♣
♣♣♣♣~@~.~♣
♣♣..♣.~§i.♣
♣~.~~~~i~.♣
♣♣♣♣♣♣.Z.~~~.♣
.PP♣...wfZw~~~..♣
~PP~...<~~~~~~..♣
.PP♣♣..~F~~~~~~.♣
♣..iZ~Z~~~~~.~
P.~~~~~~~~~~~..


You could see a thorn hunter (ally target), 2 tyrant leeches, 2 spriggan riders,
a spriggan air mage (repels missiles, paralysed), a goliath frog (distracted,
ally target), a friendly tyrant leech zombie, a friendly alligator zombie
(corroded), a friendly eleionoma zombie and a friendly fenstrider witch zombie.

Vanquished Creatures
  Jorgrun (Orc:2)
  2 fenstrider witches (Swamp:1)
  An orc warlord (Orc:1)
  An eleionoma (Swamp:1)
  Josephine (Orc:2)
  Harold (D:10)
  3 hydras
  A boulder beetle (D:8)
  2 ogre magi (Orc:2)
  10 two-headed ogres
  5 death yaks (Lair:5)
  Urug (Orc:2)
  A goliath frog (Swamp:1)
  A death drake (shapeshifter) (D:11)
  A skyshark (Lair:3)
  2 orc sorcerers
  An ugly thing (D:11)
  A cyclops (D:11)
  2 manticores (Lair:5)
  7 black mambas
  3 elephants (Lair:4)
  10 cane toads
  3 komodo dragons
  A kobold demonologist (D:11)
  4 polar bears
  12 trolls
  A hornet (D:8)
  5 blink frogs
  A jumping spider (Lair:3)
  A wyvern (D:9)
  11 yaks
  Eustachio (D:4)
  4 basilisks
  3 vampire mosquitoes
  A swamp worm (Lair:2)
  A redback (Lair:3)
  An acid dragon (D:11)
  2 wargs (Orc:1)
  11 water moccasins
  2 sky beasts (D:7)
  A black bear (D:6)
  18 ogres
  12 orc warriors
  5 wolves
  A centaur (D:9)
  2 phantoms
  2 elf zombies (Ossuary)
  4 bullfrogs
  A necrophage (D:7)
  2 gnoll sergeants
  2 scorpions
  2 wights (D:6)
  A warg zombie (Orc:1)
  16 killer bees
  2 electric eels
  2 vampire bats (Lair:2)
  3 centaur zombies
  2 hounds
  7 human zombies (Ossuary)
  A jelly (D:5)
  12 orc priests
  2 gnoll boudas
  2 iguanas
  12 orc wizards
  A hell rat (Lair:5)
  A killer bee zombie (D:8)
  2 mummies (Ossuary)
  2 adders (D:4)
  14 gnolls
  A white imp (D:7)
  2 ufetubi (D:4)
  A worm (D:2)
  44 orcs
  10 bats
  6 endoplasms
  2 giant cockroaches (D:1)
  A gnoll zombie (D:8)
  20 goblins
  8 hobgoblins
  2 jackals (D:5)
  2 quokkas
  9 ball pythons
  4 frilled lizards
  18 kobolds
  4 orc zombies
  5 rats
396 creatures vanquished.

Vanquished Creatures (collateral kills)
  A dire elephant (Lair:5)
  2 ogre magi (Orc:2)
  2 hydras (Lair:2)
  A boulder beetle (Lair:5)
  A catoblepas (Lair:5)
  A death yak (Lair:5)
  4 two-headed ogres
  A lindwurm (Lair:5)
  A skyshark (Lair:5)
  An ugly thing (D:11)
  A cyclops (D:11)
  3 elephants (Lair:4)
  3 black mambas
  A torpor snail (Lair:5)
  5 cane toads
  4 rime drakes (Lair:5)
  2 komodo dragons
  3 trolls
  A polar bear (Lair:4)
  9 blink frogs
  A dream sheep (Lair:5)
  A centaur simulacrum (D:11)
  9 yaks
  4 wraiths (Orc:2)
  3 wyverns
  2 basilisks (D:9)
  A redback (Lair:3)
  Grum (D:8)
  A vampire mosquito (Swamp:1)
  6 water moccasins
  A cane toad zombie (Lair:5)
  3 black bears
  3 orc warriors
  A centaur (D:7)
  10 ogres (Orc:2)
  5 wolves
  2 kobold brigands
  A scorpion (D:9)
  2 bullfrogs
  A gnoll sergeant (D:7)
  3 wights (D:7)
  8 killer bees
  A human zombie (Ossuary)
  4 orc priests
  Jessica (D:2)
  An iguana (D:7)
  3 hell rats (Lair:5)
  3 orc wizards
  An ogre zombie (Orc:2)
  A mummy (Ossuary)
  Robin (D:2)
  An adder (D:3)
  7 gnolls
  A white imp (D:8)
  A worm (D:4)
  16 orcs
  A bat (Lair:2)
  A goblin (D:2)
  A hobgoblin (D:3)
  7 kobolds
  A frilled lizard (D:3)
  2 rats (D:3)
  A bush (D:9)
172 creatures vanquished.

Vanquished Creatures (others)
  An eleionoma (Swamp:1)
  2 boulder beetles
  An alligator (Swamp:1)
  A goliath frog (Swamp:1)
  A spriggan rider (Swamp:1)
  A torpor snail (Lair:2)
  A cane toad (Lair:2)
  A tyrant leech (Swamp:1)
  A bloated husk (Swamp:1)
  A black mamba zombie (Lair:2)
  A vampire mosquito (Swamp:1)
  2 two-headed ogre zombies (Orc:2)
  2 cane toad zombies (Lair:2)
  An orc warrior (Orc:1)
  A blink frog zombie (Lair:3)
  A vampire mosquito zombie (Swamp:1)
  A wyvern zombie (D:9)
  7 water moccasin zombies
  3 troll zombies
  3 wolf zombies (D:8)
  A bullfrog zombie (Lair:1)
  A basilisk zombie (Lair:5)
  An iguana (D:8)
  A scorpion zombie (D:9)
  3 killer bee zombies (D:11)
  7 ogre zombies (Orc:2)
  A gnoll (D:3)
  A bat (D:8)
  7 bat zombies (Lair:2)
  3 gnoll zombies
  A hobgoblin zombie (D:8)
  32 orc zombies
  55 fungi
  70 plants
217 creatures vanquished.

Grand Total: 785 creatures vanquished

Notes
Turn   | Place    | Note
-------+----------+-------------------------------------------
     0 | D:1      | sefie the Deep Elf Hedge Wizard began the quest for the
                  | Orb.
     0 | D:1      | Reached XP level 1. HP: 10/10 MP: 7/7
   169 | D:1      | Reached skill level 5 in Spellcasting
   187 | D:1      | Reached XP level 2. HP: 15/15 MP: 5/10
  1122 | D:1      | Reached XP level 3. HP: 19/19 MP: 6/11
  2160 | D:2      | Noticed Jessica
  2168 | D:2      | Learned a level 2 spell: Call Imp
  2403 | D:2      | Killed Jessica
  2404 | D:2      | Reached XP level 4. HP: 24/24 MP: 9/13
  2610 | D:2      | Noticed Robin
  2626 | D:2      | Killed Robin
  3246 | D:3      | Reached XP level 5. HP: 23/28 MP: 3/14
  3475 | D:3      | Found a sacrificial altar of Ru.
  4093 | D:3      | Learned a level 2 spell: Cigotuvi's Dreadful Rot
  4226 | D:4      | Found a white marble altar of Elyvilon.
  4226 | D:4      | Found an ornate altar of the Wu Jian Council.
  4226 | D:4      | Found a stormy altar of Qazlal.
  4228 | D:4      | Noticed an orc warrior
  4228 | D:4      | Noticed an ice beast
  4249 | D:4      | Found a transporter.
  4539 | D:4      | Found a transporter.
  4751 | D:4      | Reached XP level 6. HP: 10/32 MP: 3/17
  5093 | D:4      | Found a staircase to the Ecumenical Temple.
  5097 | Temple   | Entered the Ecumenical Temple
  5097 | Temple   | Noticed a soul eater
  5097 | Temple   | Noticed an ice devil
  5098 | Temple   | Noticed Ybbaasus the pandemonium lord
  5098 | Temple   | Noticed a rust devil
  5098 | Temple   | Noticed Vasm the pandemonium lord
  5098 | Temple   | Noticed a hellwing
  5099 | Temple   | Noticed an Ice Fiend
  5101 | Temple   | Noticed Riwiof the pandemonium lord
  5141 | Temple   | Noticed a hellwing
  5142 | Temple   | Noticed Mezael the pandemonium lord
  5159 | Temple   | Noticed Sithrouta the pandemonium lord
  5168 | Temple   | Noticed a hellwing
  5170 | Temple   | Noticed a sun demon
  5173 | Temple   | Noticed an Ice Fiend
  5173 | Temple   | Noticed Nups the pandemonium lord
  5223 | Temple   | Became a worshipper of Kikubaaqudgha
  5374 | D:4      | Noticed Eustachio
  5586 | D:4      | Reached skill level 1 in Necromancy
  5619 | D:5      | Entered Level 5 of the Dungeon
  5711 | D:5      | Reached skill level 2 in Necromancy
  5814 | D:5      | Noticed a +0 short sword
  5814 | D:5      | Noticed a +0 falchion
  5814 | D:5      | Noticed a +0 spear
  5814 | D:5      | Noticed a +0 spear
  5816 | D:5      | Noticed a +0 dagger
  5816 | D:5      | Noticed a +0 dagger
  5817 | D:5      | Noticed a +0 falchion
  5932 | D:5      | Noticed a +0 short sword
  5952 | D:5      | Found a hide-covered altar of Uskayaw.
  6004 | D:5      | Noticed a water moccasin
  6051 | D:6      | Found an iron altar of Okawaru.
  6125 | D:6      | Found Atruempu's General Store.
  6133 | D:6      | Bought a potion of lignification for 33 gold pieces
  6133 | D:6      | Bought a potion of heal wounds for 55 gold pieces
  6133 | D:6      | Bought 3 scrolls of identify for 66 gold pieces
  6133 | D:6      | Bought a scroll of blinking for 82 gold pieces
  6192 | D:6      | Reached skill level 4 in Necromancy
  7066 | D:7      | Found Nadaw's Jewellery Emporium.
  7090 | D:7      | Found Kutuor's Antique Armour Emporium.
  7105 | D:7      | Learned a level 2 spell: Blink
  7185 | D:7      | Found a runed translucent gate.
  7185 | D:7      | Found a runed translucent gate.
  7185 | D:7      | Found a runed translucent gate.
  7187 | D:7      | Noticed lurtze1's ghost (novice TrFi)
  7187 | D:7      | Noticed a water moccasin
  7218 | D:7      | Killed a water moccasin
  7219 | D:7      | Reached XP level 7. HP: 36/36 MP: 14/18
  7254 | D:7      | Learned a level 1 spell: Slow
  7258 | D:7      | Found Laett's Distillery.
  7325 | D:7      | Reached skill level 5 in Stealth
  7439 | D:7      | Reached skill level 5 in Dodging
  7472 | D:7      | Found a sand-covered staircase.
  7482 | Ossuary  | Entered an ossuary
  7827 | Ossuary  | Reached skill level 1 in Fighting
  7827 | Ossuary  | Reached XP level 8. HP: 44/44 MP: 16/19
  8292 | D:7      | Reached skill level 5 in Necromancy
  8425 | D:7      | Found Gacsy's Distillery.
  8436 | D:7      | Learned a level 3 spell: Mephitic Cloud
  8438 | D:7      | Found Zumof's Assorted Antiques.
  8514 | D:6      | Reached * piety under Kikubaaqudgha
  8514 | D:6      | Received a gift from Kikubaaqudgha
  8530 | D:6      | Learned a level 1 spell: Necrotise
  8535 | D:6      | Learned a level 4 spell: Animate Dead
  8539 | D:6      | Learned a level 3 spell: Vampiric Draining
  8858 | D:8      | Noticed Grum
  8940 | D:7      | Reached skill level 6 in Necromancy
  8997 | D:7      | Reached skill level 7 in Necromancy
  9113 | D:7      | Bought a pair of embroidered gloves for 180 gold pieces
  9144 | D:7      | Reached skill level 8 in Necromancy
  9268 | D:7      | Reached skill level 9 in Necromancy
  9268 | D:7      | Reached XP level 9. HP: 50/50 MP: 10/20
  9654 | D:5      | Reached ** piety under Kikubaaqudgha
 10034 | D:4      | Reached skill level 10 in Necromancy
 10228 | D:4      | Killed Eustachio
 10622 | D:8      | Noticed a two-headed ogre
 10669 | D:8      | Noticed a troll
 10801 | D:7      | Bought a potion of degeneration for 10 gold pieces
 11279 | D:8      | Reached skill level 1 in Armour
 11294 | D:8      | Killed Grum
 11405 | D:8      | Killed a two-headed ogre
 11406 | D:8      | Reached skill level 11 in Necromancy
 11406 | D:8      | Reached XP level 10. HP: 56/56 MP: 16/22
 11562 | D:8      | Reached skill level 12 in Necromancy
 12406 | D:9      | Learned a level 2 spell: Sublimation of Blood
 12447 | D:9      | Found a staircase to the Orcish Mines.
 12490 | D:9      | Reached skill level 5 in Fighting
 12497 | D:9      | Reached skill level 13 in Necromancy
 12509 | D:9      | Found a staircase to the Lair.
 12570 | D:9      | Reached *** piety under Kikubaaqudgha
 12570 | D:9      | Received a gift from Kikubaaqudgha
 12691 | D:9      | Found a bloodstained altar of Trog.
 12781 | Lair:1   | Entered Level 1 of the Lair of Beasts
 12945 | Lair:1   | Noticed a black mamba
 13021 | Lair:1   | Reached skill level 14 in Necromancy
 13036 | Lair:1   | Reached XP level 11. HP: 41/64 MP: 2/24
 13959 | Lair:1   | Learned a level 5 spell: Borgnjor's Vile Clutch
 14096 | Lair:2   | Noticed a four-headed hydra
 14118 | Lair:2   | Killed a four-headed hydra
 14119 | Lair:2   | Reached skill level 15 in Necromancy
 14746 | Lair:2   | Noticed an eight-headed hydra
 14754 | Lair:2   | Killed an eight-headed hydra
 14766 | Lair:2   | Reached skill level 16 in Necromancy
 14784 | Lair:2   | Noticed a four-headed hydra
 14789 | Lair:2   | Killed a four-headed hydra
 14870 | Lair:2   | Found a staircase to the Swamp.
 15139 | Lair:3   | Reached skill level 17 in Necromancy
 15436 | Lair:3   | Noticed a skyshark
 15491 | Lair:3   | Reached XP level 12. HP: 70/70 MP: 26/26
 15493 | Lair:3   | Found a hole to the Spider Nest.
 15985 | Lair:4   | Reached **** piety under Kikubaaqudgha
 16098 | Lair:4   | Found a viscous altar of Jiyva.
 16109 | Lair:4   | Found a staircase to the Slime Pits.
 16200 | Lair:4   | Reached skill level 10 in Spellcasting
 16882 | D:10     | Entered Level 10 of the Dungeon
 17622 | D:10     | Noticed Harold
 17688 | D:10     | Killed Harold
 17932 | D:11     | Identified 2 scrolls of acquirement
 18020 | D:7      | Bought a ring of wizardry for 390 gold pieces
 18022 | D:7      | Acquired a staff of death
 18025 | D:7      | Acquired 675 gold pieces
 18094 | Orc:1    | Entered Level 1 of the Orcish Mines
 18113 | Orc:1    | Reached ***** piety under Kikubaaqudgha
 18122 | Orc:1    | Noticed an orc warlord
 18133 | Orc:1    | Killed an orc warlord
 18525 | Orc:2    | Entered Level 2 of the Orcish Mines
 18541 | Orc:2    | Noticed Urug
 18569 | Orc:2    | Noticed Josephine
 18571 | Orc:2    | Killed Urug
 18576 | Orc:2    | Killed Josephine
 18577 | Orc:2    | Reached skill level 10 in Dodging
 18577 | Orc:2    | Reached XP level 13. HP: 57/78 MP: 13/30
 18935 | D:9      | Learned a level 6 spell: Simulacrum
 19438 | D:11     | Upgraded the game from 0.30-a0-782-ge64f9170bb to
                  | 0.30-a0-845-g7c6808c8ce
 19463 | D:11     | Reached skill level 18 in Necromancy
 19463 | D:11     | Reached skill level 1 in Ice Magic
 19667 | D:11     | Found Wuhivufe's Magic Scroll Boutique.
 19683 | D:11     | Bought a scroll of identify for 26 gold pieces
 19910 | D:7      | Bought a ring of see invisible for 195 gold pieces
 20293 | Orc:2    | Found a staircase to the Elven Halls.
 20295 | Orc:2    | Noticed Jorgrun
 20306 | Orc:2    | Killed Jorgrun
 20307 | Orc:2    | Reached skill level 19 in Necromancy
 20314 | Orc:2    | Reached ****** piety under Kikubaaqudgha
 20351 | Orc:2    | Received a gift from Kikubaaqudgha
 20521 | Orc:2    | Found Dotappiu's Magic Scroll Shoppe.
 20521 | Orc:2    | Found Dusm's Antique Armour Shop.
 20522 | Orc:2    | Found Ytoexac's Magic Scroll Shop.
 20522 | Orc:2    | Found Fify's Assorted Antiques.
 20552 | Orc:2    | Bought a sedimented brown potion for 22 gold pieces
 20553 | Orc:2    | Bought a scroll of identify for 36 gold pieces
 20565 | Orc:2    | Bought an encrusted cloak for 228 gold pieces
 20565 | Orc:2    | Identified the +2 cloak of the Guardian {Harm Int+2} (You
                  | bought it in a shop on level 2 of the Orcish Mines)
 20581 | Orc:2    | Reached XP level 14. HP: 78/86 MP: 31/31
 20924 | Orc:1    | Found a burning altar of Makhleb.
 21582 | Lair:5   | Entered Level 5 of the Lair of Beasts
 21670 | Lair:5   | Reached skill level 20 in Necromancy
 21782 | Lair:5   | Identified the +0 pair of boots "Womomeud" {*Corrode Dex+3
                  | Slay+3}
 21783 | Lair:5   | Upgraded the game from 0.30-a0-845-g7c6808c8ce to
                  | 0.30-a0-851-gbd0d260d8e
 22043 | Lair:5   | Reached skill level 21 in Necromancy
 22662 | Swamp:1  | Entered Level 1 of the Swamp
 22676 | Swamp:1  | Noticed a thorn hunter
 22813 | Swamp:1  | Killed from afar by a thorn hunter

Illustrated notes

Levels and vault maps discovered:
D:1:      zaba_arrival_water, layout_loops_corners, serial_forest,
          infiniplex_forest_lined_3, infiniplex_forest_clump_tiny,
          infiniplex_forest_3_way, infiniplex_forest_fountain,
          infiniplex_forest_zigzag_1, infiniplex_forest_diagonal,
          infiniplex_forest_clump_tiny, infiniplex_forest_clump_long
D:2:      layout_loops_corners, nicolae_figureground_sparkle, uniq_robin,
          uniq_jessica
D:3:      layout_loops_ring, nicolae_ru_sacrificial_ziggurat,
          minmay_misc_feat_rugged, minmay_vboxes
D:4:      layout_basic, gammafunk_temple_overflow_arena, temple_hall_moat,
          uniq_eustachio
D:5:      layout_cave_pools, nicolae_uskayaw_en_pointe
D:6:      layout_basic, okawaru_metal_pillars_1_2, serial_shops, shop_fountains,
          item_on_display_a
D:7:      layout_loops_cross, nicolae_ossuary_entry_false_entrances,
          serial_shops, shop, nicolae_shop_competitors_out_of_business,
          nicolae_stop_n_shop_2, nicolae_shop_advertising_works
          [nicolae_subvault_shop_adworks], nicolae_shop_trees,
          ebering_ghost_rock_garden, serial_park_tiny_2
D:8:      layout_cave_pods, uniq_grum
D:9:      layout_roguey, lightli_temple_of_fire, minmay_lair_entry_grove
D:10:     layout_gridville, minivault_16, uniq_harold
D:11:     minmay_ornate_pinched, layout_rooms, serial_shops,
          nicolae_diamond_shop
Temple:   nicolae_temple_panitentiary
Lair:1:   layout_regular_city, serial_bayou_shore_a, lemuel_fruit_fields
Lair:2:   layout_chaotic_city, palyth_hydra_swamp_entry, roderic_batcave
Lair:3:   layout_roguey, spider_nest_entry_a, grunt_megastairs_3
Lair:4:   layout_roguey, dpeg_slime_entry_corner, grunt_megastairs_5
Lair:5:   hangedman_lair_in_review, layout_concentric_octagons
Swamp:1:  nicolae_swamp_long_stream, layout_basic_swamp, hangedman_swamp_lotus,
          infiniplex_staircase_pool_2
Orc:1:    layout_diamond_mine, basic_altar, nicolae_orc_bridge_out
Orc:2:    st_orc_ogre_mass, layout_diamond_mine, uniq_urug, uniq_jorgrun,
          uniq_josephine

Skill      XL: |  1  2  3  4  5  6  7  8  9 10 11 12 13 14 |
---------------+-------------------------------------------+-----
Spellcasting   | 5 6 7 8 11 12 | 12.0
Conjurations   | 2 3 4 |  4.3
Dodging        | 3 4 6 7 10 | 10.0
Stealth        | 3 4 6 7 9 |  9.0
Necromancy     | 4 9 11 14 17 19 21 | 21.8
Fighting       | 1 3 4 5 6 8 9 |  9.0
Armour         | 1 2 3 4 |  4.0
Earth Magic    | 2 |  2.0
Ice Magic      | 3 |  3.0
Summonings     | |  1.1
Translocations | |  1.1

Action                     |  1- 3 |  4- 6 |  7- 9 | 10-12 | 13-15 || total
---------------------------+-------+-------+-------+-------+-------++-------
  Melee: Dagger            |     2 |    35 |    20 |       |       ||    57
         Rapier            |       |     5 |   147 |       |       ||   152
         Punch             |       |       |     6 |     1 |       ||     7
         Spear             |       |       |   175 |   183 |       ||   358
         Staff             |       |       |       |    10 |    48 ||    58
   Cast: Magic Dart        |    97 |   149 |   124 |    40 |    16 ||   426
         Call Imp          |     4 |    16 |    32 |     3 |     2 ||    57
         Cigotuvi's Dreadf |       |     3 |     3 |     1 |     1 ||     8
         Slow              |       |       |    24 |    11 |       ||    35
         Animate Dead      |       |       |    13 |    16 |    16 ||    45
         Blink             |       |       |     5 |     1 |     3 ||     9
         Vampiric Draining |       |       |    27 |    26 |     3 ||    56
         Necrotise         |       |       |     4 |    49 |     2 ||    55
         Mephitic Cloud    |       |       |    10 |    24 |     3 ||    37
         Borgnjor's Vile C |       |       |       |    80 |   121 ||   201
         Sublimation of Bl |       |       |       |    13 |    23 ||    36
         Simulacrum        |       |       |       |       |    36 ||    36
 Invoke: Unearth Wretches  |       |       |     3 |       |     6 ||     9
         Receive Forbidden |       |       |       |       |     1 ||     1
         Torment           |       |       |       |       |     1 ||     1
  Evoke: Wand              |       |       |     2 |     1 |     3 ||     6
    Use: Scroll            |       |    14 |     5 |     8 |    12 ||    39
         Potion            |       |     3 |       |       |     4 ||     7
   Stab: Distracted        |       |       |     2 |     2 |     2 ||     6
         Sleeping          |       |       |     1 |     1 |       ||     2
         Confused          |       |       |     8 |    10 |       ||    18
         Paralysed         |       |       |     3 |       |     5 ||     8
 Armour: Robe              |     7 |    17 |    99 |    64 |    21 ||   208
         Skin              |       |     8 |       |       |       ||     8
         Troll leather arm |       |       |       |       |    15 ||    15
  Dodge: Dodged            |     8 |    41 |   263 |   147 |    73 ||   532
  Block: Other             |       |       |    77 |    57 |    22 ||   156
         Reflection        |       |       |     1 |       |     2 ||     3

Table legend: (Time is in decaauts)
 A = Elapsed time spent in this place.
 B = Non-inter-level travel time spent in this place.
 C = Inter-level travel time spent in this place.
 D = Time resting spent in this place.
 E = Time spent auto-exploring this place.
 F = Levels seen in this place.
 G = Mean time per level.
                   A        B        C        D        E       F      G
               +--------+--------+--------+--------+--------+-----+--------+
         Total |  22992 |  21161 |   1831 |   1368 |  13037 |  21 | 1094.9 |
       Dungeon |  14422 |  13176 |   1246 |    902 |   8655 |  11 | 1311.1 |
        Temple |    141 |    111 |     30 |      0 |     76 |   1 |  141.0 |
          Lair |   5688 |   5238 |    450 |    273 |   3128 |   5 | 1137.6 |
         Swamp |     23 |     23 |      0 |      0 |      0 |   1 |   23.0 |
  Orcish Mines |   2048 |   1944 |    104 |     73 |   1131 |   2 | 1024.0 |
       Ossuary |    667 |    667 |      0 |    120 |     47 |   1 |  667.0 |
               +--------+--------+--------+--------+--------+-----+--------+

Top non-repeatable levels by time:
     D:7: 2034 daAuts
     D:4: 1686 daAuts
     D:2: 1464 daAuts
     D:1: 1389 daAuts
     D:6: 1384 daAuts
     D:3: 1329 daAuts
  Lair:1: 1315 daAuts
   Orc:2: 1301 daAuts
  Lair:2: 1290 daAuts
     D:8: 1250 daAuts
  Lair:3: 1126 daAuts
    D:10: 1085 daAuts
  Lair:5: 1007 daAuts
     D:9: 956 daAuts
  Lair:4: 950 daAuts
